 Dungeon Crawl Stone Soup version 0.21.0-3-g78d12a8 (webtiles) character file.

31 Monsterracer the Insei (level 3, 0/25 HPs)
             Began as a Vampire Transmuter on Jan 14, 2018.
             Slain by a kobold
             ... wielding a +0 spear
              (3 damage)
             ... on level 2 of the Dungeon.
             The game lasted 00:02:35 (755 turns).

Monsterracer the Insei (Vampire Transmuter)          Turns: 755, Time: 00:02:36

Health: 0/25       AC:  3    Str:  9    XL:     3   Next: 7%
Magic:  1/6        EV: 12    Int: 16    God:
Gold:   53         SH:  0    Dex: 14    Spells: 3/6 levels left

rFire    . . .     SeeInvis +     - Unarmed
rCold    . . .     Gourm    .   (no shield)
rNeg     . . .     Faith    .   b - +0 robe
rPois    .         Spirit   .   (no helmet)
rElec    .         Reflect  .   (no cloak)
rCorr    .         Harm     .   (no gloves)
MR       .....                  i - +0 pair of boots
Stlth    +.........             (no amulet)
HPRegen  0.28/turn              (no ring)
MPRegen  0.10/turn              (no ring)

@: very slightly contaminated, regenerating quickly
A: fangs 3, see invisible, unbreathing
a: no special abilities


You were on level 2 of the Dungeon.
You were very full.

You visited 1 branch of the dungeon, and saw 2 of its levels.

You collected 53 gold pieces.

Inventory:

Missiles
 a - 25 arrows
Armour
 b - a +0 robe (worn)
 i - a +0 pair of boots (worn)
Scrolls
 f - 2 scrolls of identify {unknown}
 l - a scroll of teleportation {unknown}
Potions
 d - 2 potions of blood
 e - 2 potions of curing
 g - a potion of ambrosia {unknown}
 h - a potion of haste {unknown}
 j - a potion of brilliance {unknown}
 k - a potion of flight {unknown}
Books
 c - a book of Changes

   Spells                             Type                      Level
   a - Beastly Appendage              Transmutation                1
   b - Sticks to Snakes               Transmutation                2
   c - Spider Form                    Transmutation/Poison         3
   d - Ice Form                       Ice/Transmutation            4
   e - Blade Hands                    Transmutation                5


   Skills:
 - Level 0.8 Fighting
 - Level 2.1 Dodging
 + Level 3.6 Unarmed Combat
 + Level 2.3 Spellcasting
 * Level 3.2 Transmutations


You had 3 spell levels left.
You knew the following spells:

 Your Spells              Type           Power        Failure   Level  Hunger
a - Beastly Appendage     Tmut           ##....       5%          1    #......
b - Sticks to Snakes      Tmut           ##......     8%          2    ###....


Dungeon Overview and Level Annotations

Branches:
Dungeon (2/15)

Altars:


Innate Abilities, Weirdness & Mutations

Your natural rate of healing is unusually fast.
You have razor-sharp teeth.
You have supernaturally acute eyesight. (SInv)
You can survive without breathing.


Message History

The jackal misses you.
Your adder barely misses the jackal.
You hit the jackal.
The jackal is moderately wounded.
The jackal misses you.
The jackal bites you but does no damage.
Your adder barely misses the jackal.
The jackal barely misses you. x2
You barely miss the jackal. Your headbutt misses the jackal.
The jackal is moderately wounded.
Your adder bites the jackal.
The jackal looks as sick as possible!
Your adder poisons the jackal!
The jackal bites you.
* * * LOW HITPOINT WARNING * * *
The jackal bites you.
* * * LOW HITPOINT WARNING * * *
You take 3 damage, and have 8/20 hp.
Casting: Beastly Appendage
Confirm with . or Enter, or press ? or * to list all spells.
You fail to create any snakes.
The jackal dies!
The jackal bites your adder but does no damage.
You now have 1/5 mp.
You swap places.
Your adder bites the jackal.
The jackal bites you.
* * * LOW HITPOINT WARNING * * *
The jackal bites your adder.
Your adder bites the jackal but does no damage.
You see here an adder corpse.
You take 1 damage, and have 7/20 hp.
You closely miss the jackal.
The jackal is heavily wounded.
The jackal closely misses your adder.
Your adder barely misses the jackal.
You hit the jackal. You headbutt the jackal.
The jackal is almost dead.
The jackal bites you but does no damage.
Your adder bites the jackal.
The jackal dies!
You hit the jackal.
The jackal is severely wounded.
The jackal bites you but does no damage.
Your adder misses the jackal. You completely miss the jackal.
The jackal is severely wounded.
Your horns disappear.
Your adder withers and dies!
The jackal closely misses you.
The jackal bites you but does no damage.
You hit the jackal.
You kill the jackal!
You have reached level 3!
Your experience leads to an increase in your attributes!
Increase (S)trength, (I)ntelligence, or (D)exterity?
You feel clever.
If you weren't so full, you could now transform into a vampire bat.
You regained 2 hp, and now have 10/25 hp.
You barely miss the frilled lizard. The frilled lizard barely misses you.
Casting: Sticks to Snakes
Confirm with . or Enter, or press ? or * to list all spells.
You miscast Sticks to Snakes.
You are very lightly contaminated with residual magic.
Strange energies run through your body. The frilled lizard closely misses you.
You now have 0/6 mp.
You barely miss the frilled lizard. You bite the frilled lizard.
You kill the frilled lizard!
You barely miss the quokka. The quokka bites you.
* * * LOW HITPOINT WARNING * * *
You take 1 damage, and have 11/25 hp.
Okay, then.
You barely miss the quokka. You bite the quokka.
The quokka is severely wounded.
The quokka misses you.
The kobold hits you from afar with a spear.
* * * LOW HITPOINT WARNING * * *
The quokka misses you.
You take 1 damage, and have 10/25 hp.
You barely miss the quokka.
The quokka is severely wounded.
The quokka closely misses you.
You hit the quokka but do no damage.
The quokka is severely wounded.
The kobold hits you from afar with a spear.
* * * LOW HITPOINT WARNING * * *
The quokka closely misses you.
You take 6 damage, and have 5/25 hp.
MASSIVE DAMAGE!!
You hit the quokka.
You kill the quokka!
The kobold hits you from afar with a spear.
* * * LOW HITPOINT WARNING * * *
You take 3 damage, and have 2/25 hp.
The kobold barely misses you.
You see here a quokka corpse.
You hit the kobold but do no damage. The kobold hits you with a spear.
* * * LOW HITPOINT WARNING * * *
You hit the kobold.
The kobold is severely wounded.
The kobold closely misses you.
You hit the kobold but do no damage. You bite the kobold, but do no damage.
The kobold is severely wounded.
The kobold barely misses you.
You hit the kobold but do no damage.
The kobold is severely wounded.
The kobold hits you with a spear.
You die...

#h ### #h #.#
#. #.# #h #.#
#. #@#
####.##K#
#...K...#
###.###.#####
#......#....#
#.#.###.###.#
#.# #.# #.#
#.# #.# #.#


You could see a kobold.

Vanquished Creatures
  An adder (D:2)
  A dart slug (D:1)
  A leopard gecko (D:1)
  A bat (D:1)
  4 goblins (D:1)
  4 hobgoblins (D:1)
  2 jackals (D:2)
  A quokka (D:2)
  3 frilled lizards
  A kobold (D:1)
  A rat (D:1)
20 creatures vanquished.

Vanquished Creatures (collateral kills)
  2 jackals (D:2)
2 creatures vanquished.

Grand Total: 22 creatures vanquished

Notes
Turn   | Place    | Note
-------+----------+-------------------------------------------
     0 | D:1      | Monsterracer the Vampire Transmuter began the quest for the Orb.
     0 | D:1      | Reached XP level 1. HP: 14/14 MP: 3/3
    81 | D:1      | HP: 7/14 [rat (1)]
   256 | D:1      | Reached XP level 2. HP: 20/20 MP: 5/5
   322 | D:1      | Learned a level 2 spell: Sticks to Snakes
   719 | D:2      | HP: 9/20 [adder (5)]
   722 | D:2      | HP: 4/20 [adder (3)]
   727 | D:2      | HP: 5/20 [poisoned by an adder]
   729 | D:2      | HP: 2/20 [jackal (3)]
   735 | D:2      | HP: 7/20 [jackal (1)]
   740 | D:2      | Reached XP level 3. HP: 10/25 MP: 1/6
   745 | D:2      | HP: 11/25 [quokka (1)]
   749 | D:2      | HP: 5/25 [kobold/spear (6)]
   750 | D:2      | HP: 2/25 [kobold/spear (3)]
   755 | D:2      | Slain by a kobold

Skill      XL: |  1  2 |
---------------+-------+-----
Transmutations | 3 |  3.2
Fighting       | |  0.8
Dodging        | |  2.1
Unarmed Combat | |  3.6
Spellcasting   | |  2.3

Action                   || total
-------------------------++-------
Melee: Unarmed           ||    86
       Headbutt          ||     2
       Kick              ||     1
       Bite              ||     7
 Cast: Beastly Appendage ||     3
       Sticks to Snakes  ||     2
  Use: Potion            ||     9
Armor: Robe              ||    18
Dodge: Dodged            ||    65

Vault maps used:
D:1:      dpeg_arrival_simpleton_b
D:2:      uniq_terence, uniq_crazy_yiuf_cottage
